 Dungeon Crawl Stone Soup version 0.28.0 (webtiles) character file.

Game seed: 5498844049298979304

17719 sasquatch the Impaler (level 12, -2/145 HPs)
             Began as a Merfolk Gladiator on Feb 14, 2022.
             Was an Elder of Ashenzari.
             Slain by Snorg (12 damage)
             ... on level 12 of the Dungeon.
             The game lasted 00:30:57 (15825 turns).

sasquatch the Impaler (Merfolk Gladiator)          Turns: 15825, Time: 00:30:58

Health: -2/145     AC: 10    Str: 16    XL:     12   Next: 51%
Magic:  18/18      EV: 23    Int: 13    God:    Ashenzari [****..]
Gold:   617        SH:  5    Dex: 21    Spells: 19/19 levels left

rFire   + . .      SeeInvis +   q - +0 glaive of Ashenzari's Black Moon {vorpal, Range, Evo} (curse)
rCold   . . .      Faith    .   (shield currently unavailable)
rNeg    . . .      Spirit   .   d - +1 leather armour of Supernal Knowledge {rPois, Fort, Melee} (curse)
rPois   +          Reflect  +   P - +2 hat "Circumscribed Together" {Int+2, Cun, Evo} (curse)
rElec   .          Harm     .   m - +0 cloak
rCorr   .          Rampage  .   R - +2 pair of gloves
Will    .....      Clarity  +   (boots currently unavailable)
Stlth   ..........              h - amulet of reflection
HPRegen 0.34/turn               O - ring "Circumscribed Together" {Wiz Dex+6, Comp, Evo} (curse)
MPRegen 0.16/turn               L - ring of protection from fire

@: berserking, very quick
A: nimble swimmer 2, mertail
a: Renounce Religion, Curse Item, Shatter the Chains


You were on level 12 of the Dungeon.
You worshipped Ashenzari.
Ashenzari was greatly pleased with you.
You visited 2 branches of the dungeon, and saw 13 of its levels.
You also visited: Ossuary and Ice Cave.

You collected 774 gold pieces.
You spent 157 gold pieces at shops.

Inventory:

Hand Weapons
 q - the cursed +0 glaive of Ashenzari's Black Moon (weapon) {vorpal, Range, Evo}
   (You acquired it on level 8 of the Dungeon)

   It inflicts extra damage upon your enemies.
   It has a curse which improves the following skills: Ranged Combat: Slings,
   Bows, Crossbows and Throwing.
   Evocations: Evocations.
Missiles
 b - 10 boomerangs
 e - a throwing net
 z - 26 poisoned darts (quivered)
 M - 3 curare-tipped darts
 S - 2 datura-tipped darts
Armour
 c - a +0 helmet
 d - the cursed +1 leather armour of Supernal Knowledge (worn) {rPois, Fort, Melee}
   (You took it off Eustachio on level 6 of the Dungeon)

   It has a curse which improves the following skills: Fortitude: Armour and
   Shields.
   Melee Combat: Short Blades, Long Blades, Axes, Maces & Flails, Polearms,
   Staves and Unarmed Combat.
 m - a +0 cloak (worn)
 v - the cursed +1 pair of boots "Share My Apathy" (melded) {Stlth+, Fort, Cun}
   (You bought it in a shop on level 2 of the Dungeon)

   It has a curse which improves the following skills: Fortitude: Armour and
   Shields.
   Cunning:   Dodging and Stealth.
 D - a +2 chain mail of cold resistance
 P - the cursed +2 hat "Circumscribed Together" (worn) {Int+2, Cun, Evo}
   (You acquired it on level 8 of the Dungeon)

   Int:       It affects your intelligence (+2).
   It has a curse which improves the following skills: Cunning: Dodging and
   Stealth.
   Evocations: Evocations.
 Q - a +2 robe of willpower
 R - a +2 pair of gloves (worn)
Magical Staves
 a - a staff of death
 j - a staff of poison
 N - a staff of fire
Jewellery
 h - an amulet of reflection (around neck)
 C - a ring of flight
 L - a ring of protection from fire (right hand)
 O - the cursed ring "Circumscribed Together" (left hand) {Wiz Dex+6, Comp, Evo}
   (You acquired it on level 8 of the Dungeon)

   [ring of wizardry]

   It improves your spell success rate.
   Dex:       It affects your dexterity (+6).
   It has a curse which improves the following skills: Companions: Summonings
   and Necromancy.
   Evocations: Evocations.
Wands
 x - a wand of charming (23)
 y - a wand of flame (39)
 A - a wand of iceblast (21)
 I - a wand of polymorph (5)
 T - a wand of paralysis (4)
Scrolls
 f - 2 scrolls of torment
 l - a scroll of enchant weapon
 n - 11 scrolls of teleportation
 o - a scroll of holy word
 r - 2 scrolls of brand weapon
 s - 2 scrolls of fog
 t - 2 scrolls of magic mapping
 E - 7 scrolls of blinking
 F - 2 scrolls of vulnerability
 J - 2 scrolls of fear
 U - a scroll of summoning
 Z - a scroll of enchant armour
Potions
 g - 3 potions of cancellation
 i - 2 potions of lignification
 k - a potion of berserk rage
 p - 8 potions of curing
 u - 2 potions of brilliance
 w - 6 potions of heal wounds
 B - a potion of flight
 G - 2 potions of haste
 K - 3 potions of might
 V - a potion of invisibility
 W - a potion of magic
 Y - 2 potions of mutation
Miscellaneous
 X - a phial of floods (inert)


   Skills:
 - Level 10.0 Fighting
 - Level 18.7(20.4) Polearms
 - Level 2.0(3.5) Throwing
 - Level 7.9(9.9) Dodging
 + Level 4.4 Spellcasting
 + Level 8.1(10.1) Summonings
 - Level 6.1(10.0) Evocations


You had 19 spell levels left.
You didn't know any spells.
Your spell library contained the following spells:

 Spells                   Type           Power      Damage    Failure   Level
 Magic Dart               Conj           8%         1d3       10%         1
 Sandblast                Erth           4%         2d4       10%         1
 Shock                    Conj/Air       8%         1d3       10%         1
 Passwall                 Tmut/Erth      1%         N/A       16%         2
 Searing Ray              Conj           4%         2d4       16%         2
 Static Discharge         Conj/Air       2%         N/A       16%         2
 Ozocubu's Armour         Ice            2%         N/A       28%         3
 Stone Arrow              Conj/Erth      4%         3d7       28%         3
 Swiftness                Air            2%         N/A       28%         3
 Dispel Undead            Necr           3%         3d7       61%         4
 Airstrike                Air            1%         N/A       65%         4
 Fulminant Prism          Conj/Hex       1%         3d6       65%         4
 Sticky Flame             Conj/Fire      2%         2d3       65%         4
 Ozocubu's Refrigeration  Ice            1%         4d5       100%        7
 Borgnjor's Revivificati  Necr           1%         N/A       100%        8
 Necromutation            Tmut/Necr      1%         N/A       100%        8
 Death's Door             Necr           1%         N/A       100%        9


Dungeon Overview and Level Annotations

Branches:
Dungeon (12/15)            Temple (1/1) D:4             Orc (0/2) D:9
Ossuary (visited)           IceCv (visited)
   Lair: D:8-11

Altars:
Ashenzari
Cheibriados
Elyvilon
Fedhas
Hepliaklqana
Kikubaaqudgha
Qazlal
Xom
Yredelemnul

Shops:
D:2 [   D:8 (

Annotations:
D:3 2 transporters, Menkaure
D:12 Gastronok, Snorg


Innate Abilities, Weirdness & Mutations

You are very nimble when in or above water. (Stealth+, EV+, Speed+++)
Your lower body shifts to a powerful aquatic tail in water.


Message History

You slash Snorg! You tail-slap Snorg.
Snorg is moderately wounded.
Snorg bites you!! Snorg closely misses you. You block Snorg's attack.
You are too injured to fight recklessly!
You are too injured to fight recklessly!
Unknown command.
Unknown command.
Snorg rages.
Unknown command.
Press: ? - help, v - describe, . - travel
Here: Snorg (moderately wounded, berserk, unaffected by silence, waterlogged) Some shallow water, summoned.
Press: ? - help, v - describe, . - travel
Here: Snorg (moderately wounded, berserk, unaffected by silence, waterlogged) Some shallow water, summoned.
A red film seems to cover your vision as you go berserk!
You feel yourself moving faster!
You feel mighty! Snorg closely misses you. x2
You block Snorg's attack.
You slash Snorg! You tail-slap Snorg.
Snorg is moderately wounded.
Snorg bites you!!
* * * LOW HITPOINT WARNING * * *
Snorg completely misses you. Snorg claws you!
* * * LOW HITPOINT WARNING * * *
You slash Snorg!
Snorg is heavily wounded.
Snorg completely misses you. Snorg claws you!!
* * * LOW HITPOINT WARNING * * *
Snorg misses you.
You slice Snorg!! You tail-slap Snorg!
Snorg is severely wounded.
You closely miss Snorg.
Snorg is severely wounded.
Snorg misses you. Snorg claws you.
* * * LOW HITPOINT WARNING * * *
You block Snorg's attack.
You barely miss Snorg.
Snorg is severely wounded.
Snorg bites you!
You die...

####### ####### ######
......#####.....############.....
......#...#.....#..........#.....
......#...#.....#..........#.....
......#...#.....#........).#.....
......##'##.....######..##.#.....
##.............##≈≈###..######...
##.............#≈T≈≈≈........#...
##.............#@≈<≈≈........#...
##.............#.............#...
##.............#.............#...
##.............#.............#...
##.............#(............#...
##.............##..###########...
..##########'####..##............
..#.................#............
..#.................#............


You could see Snorg (berserk, unsilenced, waterlogged).

Vanquished Creatures
  A reaper (IceCv)
  3 two-headed ogres
  Sonja (D:12)
  A manticore (D:12)
  An ugly thing (IceCv)
  A cyclops (D:12)
  A guardian serpent (shapeshifter) (D:10)
  An ice statue (IceCv)
  An unseen horror (D:9)
  A gargoyle (D:12)
  Maggie (D:9)
  A komodo dragon (D:11)
  A kobold demonologist (D:10)
  Psyche (D:8)
  A troll (D:9)
  3 slime creatures
  2 hornets
  Grinder (D:6)
  Sigmund (D:2)
  A shadow (D:10)
  A dire elephant simulacrum (IceCv)
  14 yaks
  A vampire (D:11)
  Eustachio (D:6)
  A death yak simulacrum (IceCv)
  2 acid dragons
  Edmund (D:5)
  A harpy simulacrum (IceCv)
  4 water moccasins
  6 orc warriors
  3 sky beasts
  A hornet zombie (D:7)
  4 ogres
  A black bear (D:5)
  A centaur (D:7)
  2 phantoms
  5 kobold brigands
  Blork the orc (D:4)
  3 bullfrogs
  A water moccasin zombie (Ossuary)
  2 cane toad simulacra (IceCv)
  6 two-headed ogre simulacra
  A water moccasin skeleton (D:5)
  14 killer bees
  3 elephant simulacra (IceCv)
  4 wights
  3 howler monkeys
  7 centaur zombies
  2 bullfrog zombies
  2 hounds
  3 jellies
  7 orc priests
  A bullfrog skeleton (D:4)
  A gnoll shaman (D:9)
  Ijyb (D:4)
  Natasha (D:4)
  7 orc wizards
  2 iguanas
  7 troll simulacra
  7 spriggan simulacra
  A polar bear simulacrum (IceCv)
  A wolf simulacrum (IceCv)
  2 mummies (Ossuary)
  A howler monkey zombie (D:10)
  19 gnolls
  9 adders
  5 naga simulacra (IceCv)
  2 shadow imps (D:6)
  5 white imps
  6 ufetubi
  5 adder zombies (Ossuary)
  3 dart slugs
  32 orcs
  7 ball pythons
  3 endoplasms
  2 giant cockroaches (D:2)
  5 goblins
  2 hobgoblins
  A quokka (D:3)
  2 bats (D:2)
  6 frilled lizards
  2 gnoll zombies (Ossuary)
  3 hobgoblin zombies (Ossuary)
  17 kobolds
  6 kobold zombies (Ossuary)
  5 orc zombies (Ossuary)
  2 rats
314 creatures vanquished.

Vanquished Creatures (others)
  4 plants (D:2)
4 creatures vanquished.

Grand Total: 318 creatures vanquished

Notes
Turn   | Place    | Note
-------+----------+-------------------------------------------
     0 | D:1      | sasquatch the Merfolk Gladiator began the quest for the
                  | Orb.
     0 | D:1      | Reached XP level 1. HP: 16/16 MP: 1/1
   412 | D:1      | Reached skill level 5 in Polearms
   501 | D:1      | Reached XP level 2. HP: 22/22 MP: 2/2
   718 | D:2      | Reached skill level 6 in Polearms
   718 | D:2      | Reached XP level 3. HP: 26/27 MP: 3/3
   734 | D:2      | Found a faded altar of an unknown god.
   834 | D:2      | Reached skill level 7 in Polearms
   834 | D:2      | Reached XP level 4. HP: 33/33 MP: 4/4
   852 | D:2      | Noticed Sigmund
   874 | D:2      | Killed Sigmund
   875 | D:2      | Reached skill level 9 in Polearms
   875 | D:2      | Reached XP level 5. HP: 3/38 MP: 5/5
   875 | D:2      | Reached XP level 6. HP: 3/44 MP: 6/6
  1298 | D:2      | Found Xooll's Antique Armour Emporium.
  1658 | D:3      | Reached skill level 10 in Polearms
  1796 | D:3      | Found a basalt altar of Yredelemnul.
  1796 | D:3      | Found a transporter.
  1796 | D:3      | Found an ancient bone altar of Kikubaaqudgha.
  1797 | D:3      | Noticed Menkaure
  1824 | D:3      | Found a transporter.
  2148 | D:3      | Noticed a necrophage
  2625 | D:4      | Found a staircase to the Ecumenical Temple.
  2635 | Temple   | Entered the Ecumenical Temple
  2765 | Temple   | Became a worshipper of Ashenzari the Shackled
  2962 | D:2      | Bought a pair of embroidered boots for 157 gold pieces
  3131 | D:4      | Noticed Natasha
  3151 | D:4      | Killed Natasha
  3288 | D:4      | Noticed Blork the orc
  3303 | D:4      | Killed Blork the orc
  3304 | D:4      | Reached skill level 11 in Polearms
  3304 | D:4      | Reached XP level 7. HP: 19/50 MP: 7/7
  3542 | D:4      | Noticed Ijyb
  3568 | D:4      | Killed Ijyb
  3875 | D:4      | Reached skill level 12 in Polearms
  4040 | D:4      | You fall into a shaft and drop 3 floors!
  4130 | D:7      | Reached skill level 13 in Polearms
  4182 | D:6      | Reached XP level 8. HP: 56/56 MP: 8/8
  4289 | D:5      | Entered Level 5 of the Dungeon
  4573 | D:5      | Reached skill level 14 in Polearms
  4798 | D:5      | Reached skill level 5 in Dodging
  5184 | D:6      | Noticed Edmund
  5195 | D:6      | Noticed Grinder
  5219 | D:5      | Killed Edmund
  5421 | D:6      | Noticed Eustachio
  5451 | D:6      | Killed Eustachio
  5452 | D:6      | Reached XP level 9. HP: 49/65 MP: 9/9
  5672 | D:6      | Reached skill level 5 in Fighting
  5718 | D:6      | Killed Grinder
  7478 | D:8      | Noticed a hornet
  7503 | D:8      | Killed a hornet
  7631 | D:8      | Reached * piety under Ashenzari
  7631 | D:8      | Identified a scroll of acquirement
  7637 | D:8      | Acquired the ring of Loseqig {Wiz Dex+6}
  7639 | D:8      | Acquired a +0 vorpal glaive
  7640 | D:8      | Acquired the +2 hat of Somewhere Else {Int+2}
  7778 | D:8      | Reached XP level 10. HP: 72/83 MP: 10/10
  7966 | D:8      | Found Reangaurr's Weapon Emporium.
  7975 | D:8      | Found a sand-covered staircase.
  7982 | Ossuary  | Entered an ossuary
  8319 | D:8      | Reached skill level 10 in Fighting
  8577 | D:8      | Reached skill level 15 in Polearms
  8587 | D:8      | Noticed Psyche
  8592 | D:8      | Killed Psyche
  8804 | D:9      | Reached ** piety under Ashenzari
  8957 | D:9      | Reached skill level 16 in Polearms
  9192 | D:9      | Noticed Maggie
  9204 | D:9      | Killed Maggie
  9251 | D:9      | Reached skill level 17 in Polearms
  9311 | D:9      | Found a staircase to the Orcish Mines.
  9625 | D:9      | Noticed an unseen horror
  9638 | D:9      | Killed an unseen horror
  9695 | D:9      | Reached skill level 18 in Polearms
  9695 | D:9      | Reached XP level 11. HP: 88/90 MP: 11/11
  9850 | D:9      | Identified the +0 ring mail "Hippouv" {Dex+3}
 10215 | D:9      | Reached *** piety under Ashenzari
 10553 | D:10     | Entered Level 10 of the Dungeon
 10593 | D:10     | Identified the +1 robe "Soczy" {rF- Int+2 Dex+2 Archmagi}
 10645 | D:10     | Reached skill level 1 in Evocations
 11249 | D:10     | Reached skill level 5 in Evocations
 11349 | D:10     | Reached **** piety under Ashenzari
 11562 | D:11     | Noticed a two-headed ogre
 11573 | D:11     | Killed a two-headed ogre
 11620 | D:11     | Found a frozen archway.
 11640 | IceCv    | Entered an ice cave
 11768 | IceCv    | Reached skill level 1 in Summonings
 12004 | IceCv    | Noticed a white ugly thing
 12011 | IceCv    | Killed a white ugly thing
 13027 | IceCv    | Identified the cursed +1 pair of boots "Share My Apathy"
                  | {Stlth+, Fort, Cun} (You bought it in a shop on level 2 of
                  | the Dungeon)
 13160 | IceCv    | Noticed a reaper
 13193 | IceCv    | Killed a reaper
 13194 | IceCv    | Reached skill level 5 in Summonings
 13486 | IceCv    | Reached XP level 12. HP: 97/97 MP: 12/12
 13797 | D:11     | Noticed an eight-headed hydra
 13941 | D:12     | Noticed a two-headed ogre
 13951 | D:12     | Killed a two-headed ogre
 14103 | D:12     | Noticed a boulder beetle
 14643 | D:11     | Reached skill level 1 in Spellcasting
 15058 | D:11     | Noticed Snorg
 15324 | D:12     | Noticed Sonja
 15330 | D:12     | Killed Sonja
 15405 | D:12     | Noticed a two-headed ogre
 15409 | D:12     | Killed a two-headed ogre
 15759 | D:12     | Noticed Gastronok
 15825 | D:12     | Slain by Snorg

Illustrated notes

Levels and vault maps discovered:
D:1:      lemuel_arrival_behind_the_door_small, layout_basic,
          grunt_decor_mini_mirrors
D:2:      layout_basic, shapermc_ecumenical_altar_ellora, serial_shops,
          nicolae_shop_statue_plus, minmay_liquid_box, serial_bayou_lake_a,
          uniq_sigmund
D:3:      layout_basic, gammafunk_temple_of_torment, eino_tiny_chamber
D:4:      layout_gridville, minmay_temple_entry_mini_moons, uniq_natasha,
          uniq_ijyb, uniq_blork_the_orc
D:5:      layout_rooms, hangedman_abyss_or_decor_lesser_grid
D:6:      layout_basic, nicolae_underground_beach, uniq_edmund, uniq_grinder,
          uniq_eustachio
D:7:      layout_loops_ring, hangedman_decor_riveting
D:8:      layout_cave_pods, serial_shops, nicolae_shop_bloodbath_and_beyond,
          nicolae_ossuary_entry_monument, kennysheep_generic_room_5, uniq_psyche
D:9:      layout_roguey, david_orc_1_choice, uniq_maggie
D:10:     layout_gridville
D:11:     layout_layer_cave, lair_entry_dummy,
          portal_ice_cave_entry_ice_simulacra, uniq_erica, uniq_snorg
D:12:     layout_gridville, grunt_ministairs_4, uniq_gastronok, uniq_sonja
Temple:   mainiacjoe_temple_big_plus

Skill      XL: |  1  2  3  4  5  6  7  8  9 10 11 12 |
---------------+-------------------------------------+-----
Polearms       | 5 6 7 9 11 13 14 18 | 18.7
Dodging        | 7 |  7.9
Fighting       | 3 9 10 | 10.0
Evocations     | 6 |  6.1
Summonings     | 6 8 |  8.1
Spellcasting   | 4 |  4.4
Throwing       | |  2.0

Action                   |  1- 3 |  4- 6 |  7- 9 | 10-12 || total
-------------------------+-------+-------+-------+-------++-------
Melee: Trident           |    39 |   123 |   477 |   190 ||   829
       Punch             |       |     1 |     4 |     2 ||     7
       Tailslap          |       |     1 |       |     4 ||     5
       Glaive            |       |       |       |   441 ||   441
Throw: Throwing net      |       |     4 |     1 |       ||     5
       Dart              |       |     5 |    17 |    22 ||    44
       Boomerang         |       |     1 |       |       ||     1
Invok: Curse Item        |       |       |     2 |     3 ||     5
Evoke: Wand              |       |     2 |       |     6 ||     8
       Phial of floods   |       |       |       |     1 ||     1
  Use: Scroll            |       |       |     3 |     1 ||     4
       Potion            |       |       |       |     2 ||     2
 Stab: Sleeping          |     1 |     6 |    10 |    13 ||    30
       Held in net/web   |       |     1 |       |       ||     1
       Distracted        |       |       |     2 |     7 ||     9
Armor: Robe              |    12 |    15 |    24 |       ||    51
       Leather armour    |       |       |    24 |    60 ||    84
Dodge: Dodged            |    26 |    43 |   175 |   264 ||   508
Block: Other             |       |       |    48 |    66 ||   114
       Reflection        |       |       |     1 |     3 ||     4
